 Dungeon Crawl Stone Soup version 0.29-a0-275-g389c0b56f3 (webtiles) character file.

Game seed: 1395423764172000420

65 Hubjo the Sneak (level 3, -3/26 HPs)
             Began as a Vampire Enchanter on Mar 10, 2022.
             Was a Follower of Nemelex Xobeh.
             Killed by nerve-wracking pain
             ... invoked by an orc priest
              (9 damage)
             ... on level 3 of the Dungeon on Mar 11, 2022.
             The game lasted 00:04:39 (1907 turns).

Hubjo the Sneak (Vampire Enchanter)                 Turns: 1907, Time: 00:04:42

Health: -3/26      AC:  2    Str:  7    XL:     3   Next: 92%
Magic:  1/6        EV: 12    Int: 17    God:    Nemelex Xobeh [*.....]
Gold:   71         SH:  0    Dex: 16    Spells: 2/7 levels left

rFire   . . .      SeeInvis +   a - +1 dagger
rCold   . . .      Faith    .   (no shield)
rNeg    . . .      Spirit   .   b - +0 robe
rPois   .          Reflect  .   (no helmet)
rElec   .          Harm     .   (no cloak)
rCorr   .          Rampage  .   (no gloves)
Will    .....                   (no boots)
Stlth   +++.......              (no amulet)
HPRegen 0.28/turn               (no ring)
MPRegen 0.10/turn               (no ring)

@: healing quickly
A: alive, fangs 3, see invisible, vampiric 2
a: Exsanguinate, Renounce Religion, Draw Escape, Draw Destruction, Draw
Summoning


You were on level 3 of the Dungeon.
You worshipped Nemelex Xobeh.
Nemelex Xobeh was aware of your devotion.
You visited 1 branch of the dungeon, and saw 3 of its levels.

You collected 71 gold pieces.

Inventory:

Hand Weapons
 a - a +1 dagger (weapon)
Armour
 b - a +0 robe (worn)
Jewellery
 f - an amulet of magic regeneration
 h - a ring of protection from cold
Potions
 c - 2 potions of invisibility
 g - a potion of flight {unknown}


   Skills:
 * Level 1.3 Fighting
 + Level 1.7 Short Blades
 + Level 2.5 Dodging
 * Level 5.1 Stealth
 * Level 2.5 Spellcasting
 + Level 4.8 Hexes


You had 2 spell levels left.
You knew the following spells:

 Your Spells              Type           Power      Damage    Failure   Level
a - Tukima's Dance        Hex            18%        N/A       8%          3
b - Ensorcelled Hibernat  Hex/Ice        20%        N/A       11%         2

Your spell library contained the following spells:

 Spells                   Type           Power      Damage    Failure   Level
 Confusing Touch          Hex            18%        N/A       8%          3
 Dazzling Flash           Conj/Hex       20%        N/A       21%         3
 Anguish                  Hex/Necr       5%         N/A       56%         4
 Enfeeble                 Hex            9%         N/A       100%        7


Dungeon Overview and Level Annotations

Branches:
Dungeon (3/15)

Altars:
Nemelex Xobeh


Innate Abilities, Weirdness & Mutations

Your natural rate of healing is accelerated.
You have razor-sharp teeth.
You have supernaturally acute eyesight. (SInv)
You are afflicted with vampirism and can become a bat while bloodless.


Message History

It was a scroll of blinking.
Cast which spell? (? or * to list)
The spell is quite dangerous to miscast (8% risk of failure)!
Continue anyway?
Aiming: Tukima's Dance (quite dangerous; 8% risk of failure)
Press: ? - help, Shift-Dir - straight line, f - orc priest
Aim: an orc priest, wielding a +0 trident and wearing a +0 leather armour (heavily wounded, chance to affect: 50%)
The orc priest resists with significant effort.
Casting: Tukima's Dance (quite dangerous; 8% risk of failure)
Confirm with . or Enter, or press ? or * to list all spells.
The spell is quite dangerous to miscast (8% risk of failure)!
Continue anyway?
Aiming: Tukima's Dance (quite dangerous; 8% risk of failure)
Press: ? - help, Shift-Dir - straight line, f/p - orc priest
Aim: an orc priest, wielding a +0 trident and wearing a +0 leather armour (heavily wounded, chance to affect: 50%)
The orc priest resists with significant effort.
The orc priest invokes the aid of Beogh against you.
Pain shoots through your body!
* * * LOW HITPOINT WARNING * * *
As you read the scroll labelled FALAHU ZUNELUG, it crumbles to dust.
You assume a fearsome visage.
The orc priest looks frightened!
It was a scroll of fear.
As you read the scroll labelled KIEFIU UKLU, it crumbles to dust.
The air around you briefly surges with heat, but it dissipates.
It was a scroll of immolation.
As you read the scroll labelled IPIGGUSSYRU, it crumbles to dust.
The scroll dissolves into smoke.
It was a scroll of fog.
You start putting on your amulet.
You continue putting on your amulet of magic regeneration.
The orc priest closely misses you.
You continue putting on your amulet of magic regeneration.
The orc priest closely misses you.
You continue putting on your amulet of magic regeneration.
The orc priest invokes the aid of Beogh against you.
Keep equipping yourself?
Pain shoots through your body!
* * * LOW HITPOINT WARNING * * *
You continue putting on your amulet of magic regeneration.
The orc priest calls down the wrath of Beogh upon you.
Pain shoots through your body!
You die...
Your body glows slightly and disappears.

.# #.##.###.#
.# #.##..##.#
.# #.###.##.#
.# #.# #.##.#
.# #.###.##.#
.#
###........#
.#
##§#####)####
#§§§§....#
##@#######
#..######§#
#...!.o)o§#
##.########


You could see an orc priest.

Vanquished Creatures
  2 worms (D:2)
  A dart slug (D:1)
  2 orcs (D:3)
  4 ball pythons
  5 bats
  4 endoplasms
  3 giant cockroaches (D:1)
  8 goblins
  7 hobgoblins
  A kobold (D:3)
  3 quokkas (D:1)
  2 frilled lizards
  4 rats
46 creatures vanquished.

Vanquished Creatures (others)
  3 plants (D:2)
  3 withered plants (D:2)
6 creatures vanquished.

Grand Total: 52 creatures vanquished

Notes
Turn   | Place    | Note
-------+----------+-------------------------------------------
     0 | D:1      | Hubjo the Vampire Enchanter began the quest for the Orb.
     0 | D:1      | Reached XP level 1. HP: 13/13 MP: 3/3
   180 | D:1      | Reached XP level 2. HP: 20/20 MP: 5/5
   797 | D:1      | Gained mutation: You are afflicted with vampirism and can
                  | become a bat while bloodless. [Vampire growth]
   797 | D:1      | Reached XP level 3. HP: 25/25 MP: 6/6
   801 | D:1      | Learned a level 3 spell: Tukima's Dance
   804 | D:1      | Learned a level 2 spell: Ensorcelled Hibernation
  1049 | D:2      | Reached skill level 1 in Fighting
  1192 | D:2      | Reached skill level 5 in Stealth
  1644 | D:2      | Found a faded altar of an unknown god.
  1703 | D:2      | Prayed at the altar of an unknown god.
  1703 | D:2      | Became a worshipper of Nemelex Xobeh the Trickster
  1703 | D:2      | Reached * piety under Nemelex Xobeh
  1907 | D:3      | Killed from afar by an orc priest

Illustrated notes

Levels and vault maps discovered:
D:1:      dpeg_arrival_boxorama, layout_basic
D:2:      layout_rooms, shapermc_ecumenical_altar_flowoftime
D:3:      layout_loops_corners, kennysheep_nub

Skill      XL: |  1  2  3 |
---------------+----------+-----
Fighting       | 1 |  1.3
Stealth        | 5 |  5.1
Short Blades   | |  1.7
Dodging        | |  2.5
Spellcasting   | |  2.5
Hexes          | |  4.8

Action                   || total
-------------------------++-------
Melee: Dagger            ||   177
       Bite              ||    25
       Punch             ||     2
 Cast: Tukima's Dance    ||     2
  Use: Scroll            ||     4
 Stab: Sleeping          ||     9
       Distracted        ||     1
Armor: Robe              ||    28
Dodge: Dodged            ||    92

Table legend: (Time is in decaauts)
 A = Elapsed time spent in this place.
 B = Non-inter-level travel time spent in this place.
 C = Inter-level travel time spent in this place.
 D = Time resting spent in this place.
 E = Time spent auto-exploring this place.
 F = Levels seen in this place.
 G = Mean time per level.
                   A        B        C        D        E       F      G
               +--------+--------+--------+--------+--------+-----+--------+
         Total |   1892 |   1883 |      9 |    162 |   1247 |   3 |  630.7 |
       Dungeon |   1892 |   1883 |      9 |    162 |   1247 |   3 |  630.7 |
               +--------+--------+--------+--------+--------+-----+--------+

Top non-repeatable levels by time:
     D:1: 998 daAuts
     D:2: 745 daAuts
     D:3: 148 daAuts
